[Event "*** SCC Grand Prix: Titled Tuesday Blitz"]
[Site "Chess.com"]
[Date "2020.07.14"]
[Round "1"]
[White "Treacherous_horse64"]
[Black "Kensei26"]
[Result "0-1"]
[WhiteElo "2509"]
[BlackElo "2211"]
[TimeControl "180+1"]
[EndTime "10:09:07 PDT"]
[Termination "Kensei26 won by checkmate"]

1. d4 Nf6 2. Nf3 g6 3. Nc3 d6 4. e4 Bg7 5. Bc4 O-O 6. Qe2 c6 7. e5 dxe5 8. dxe5 Nd5 9. Ne4 Be6 10. Neg5 Bc8 11. O-O b5 12. Bd3 e6 13. c3 Na6 14.
Ne4 Qb6 15. Bg5 Nc5 16. Bc2 Nxe4 17. Qxe4 Bb7 18. Qh4 c5 19. Nd2 f6 20. exf6 Nxf6 21. Ne4 Bxe4 22. Bxe4 Rae8 23. Bc2 e5 24. a4 a6 25.
Rad1 e4 26. axb5 axb5 27. Rfe1 b4 28. Ba4 Re5 29. Bb3+ Kh8 30. Bc4 bxc3 31. bxc3 h6 32. Be3 Rh5 33. Qg3 Kh7 34. Rd6 Qb2 35. Bc1 Qc2 36. h3 Ne8 37. Rd7 Nf6 38. Qe3 Nxd7 39. Be2 Rhf5 40. Rf1 Qxc3 41. Qxe4 Re5 42. Qg4 Nf6 43.
Qf3 Qxf3 44. Bxf3 Nd5 45. Bb2 Rg5 46. Bc1 Nf4 47. g3 Nxh3+ 48. Kg2 Nf4+ 49. Kh2 h5 50.
Bxf4 Rxf4 51. gxf4 Rf5 52. Kg3 Bh6 53. Kg2 Bxf4 54.
Rd1 Be5 55. Rd5 Bd4 56. Rd7+ Kh6 57. Rd6 Rg5+ 58. Kf1 h4 59. Ke2 h3 60. Ra6 h2 61.
Rb6 Rg1 62. Rb3 h1=Q 63. Bxh1 Rxh1 64. Kf3 Ra1 65. Rd3 Ra2 66. Ke4 Rxf2 67. Rh3+ Kg5 68. Kd5 Kg4 69. Rh1 g5 70. Rh6 Kg3 71. Rg6 g4 72.
Ke4 Re2+ 73. Kf5 Re5+ 74. Kf6 Re6+ 75. Kxe6 Kf3 76. Kf5 g3 77. Rg4 g2 78. Rf4+ Ke2 79.
Rg4 g1=Q 80. Rxg1 Bxg1 81. Ke4 c4 82. Kd5 c3 83. Kc4 c2 84. Kb3 c1=Q 85. Ka2 Qc6 86. Kb3 Bd4 87. Kb4 Qc5+ 88. Ka4 Qb6 89. Ka3 Bc3 90. Ka2 Qb2# 0-1

[Event "*** SCC Grand Prix: Titled Tuesday Blitz"]
[Site "Chess.com"]
[Date "2020.07.14"]
[Round "1"]
[White "jonychess03"]
[Black "Undisputed92"]
[Result "0-1"]
[WhiteElo "2306"]
[BlackElo "2617"]
[TimeControl "180+1"]
[EndTime "10:09:20 PDT"]
[Termination "Undisputed92 won by resignation"]

1. c4 e5 2. Nc3 Nf6 3. g3 Bb4 4. Bg2 O-O 5. e3 Bxc3 6. bxc3 e4 7. f3 Re8 8. fxe4 Nxe4 9. Nf3 d6 10. O-O Bg4 11. Qc2 Nc6 12. d3 Nc5 13. Rb1 Rb8 14. e4 Ne5 15. Ne1 Ncd7 16. Be3 b6 17. h3 Bh5 18. g4 Bg6 19. Nf3 Nxf3+ 20. Rxf3 Ne5 21. Rf2 c5 22. Rbf1 Qh4 23. Qd2 h6 24. a4 Qe7 25. Bf4 Rbd8 26. Bg3 Qd7 27. Qc2 Qe6 28. Kh2 Qc8 29. Ra1 Rd7 30. a5 Rb7 31. axb6 axb6 32. Rb1 Qd7 33. Qd1 Reb8 34. Rfb2 b5 35. cxb5 Rxb5 36.
Rxb5 Rxb5 37. Rxb5 Qxb5 38. Bxe5 dxe5 39. d4 cxd4 40. cxd4 Qb2 41. dxe5 Bxe4 42. Qf1 Qxe5+ 43. Kh1 Bg6 44. Qf3 Kh7 45. Qd5 Qe3 46. Qf3 Qc1+ 47. Qf1 Qg5 48. Qf3 h5 49. gxh5 Bxh5 50. Qf2 Bg6 51.
Qf3 Qc1+ 52. Kh2 Qc7+ 53. Qg3 Qc4 54. Qg4 Qc7+ 55. Qg3 Qd8 56. Qg4 f5 57. Qf4 Qf6 58. Kg3 Qc3+ 59. Bf3 Qe1+ 60. Kh2 Qf2+ 61. Kh1 Qf1+ 62.
Kh2 Qf2+ 63. Kh1 Qe1+ 64. Kh2 Qe7 65. Kg3 Qf6 66. Qh4+ Qxh4+ 67. Kxh4 Kh6 68. Be2 Bh7 69. Bf3 Bg8 70. Kg3 g5 71. Be2 f4+ 72. Kg2 Bd5+ 73. Kh2 Kg6 74. Bd3+ Kf6 75. Kg1 Ke5 76. Kf2 Kd4 77.
Bf5 Ke5 78. Bg4 Be6 79. Kf3 Bxg4+ 80. Kxg4 Ke4 81. Kxg5 f3 82. h4 f2 83. h5 f1=Q 84.
Kg6 Qf5+ 85. Kh6 Qg4 86. Kh7 Qxh5+ 0-1

[Event "*** SCC Grand Prix: Titled Tuesday Blitz"]
[Site "Chess.com"]
[Date "2020.07.14"]
[Round "1"]
[White "colegiodemadrid"]
[Black "Alexander_Moskalenko"]
[Result "0-1"]
[WhiteElo "2402"]
[BlackElo "2790"]
[TimeControl "180+1"]
[EndTime "10:09:24 PDT"]
[Termination "Alexander_Moskalenko won by resignation"]

1. e4 c6 2. d4 d5 3. e5 Bf5 4. h4 h5 5. Bd3 Bxd3 6. Qxd3 Qa5+ 7. Nd2 Qa6 8. e6 Qxd3 9. exf7+ Kxf7 10. cxd3 Nh6 11.
Ndf3 Nd7 12. Nh3 e6 13. Nhg5+ Kf6 14. Bf4 Nf5 15. Kd2 Nxd4 16. Nxd4 e5 17. Be3 Bb4+ 18. Kc2 exd4 19. Bxd4+ Kg6 20. a3 Bc5 21. Bxc5 Nxc5 22.
Rhe1 Rae8 23. b4 Nd7 24. Ne6 Kf6 25. Nf4 g6 26. Nh3 Ne5 27. f3 Nf7 28. Kc3 Nd6 29.
g3 Nf5 30. Rg1 Re3 31. Raf1 Rhe8 32. g4 Nxh4 33. gxh5 gxh5 34. Rg5 Rxf3 35. Rxf3+ Nxf3 36. Rxh5 Kg6 37. Nf4+ Kg7 38. Rh3 Ne5 39. Re3 Kf7 40. a4 Nd7 41. Rxe8 Kxe8 42. Ne6 Ke7 43. Nf4 Kd6 44. d4 Nb6 45. a5 Nc4 46. Nd3 Na3 47. Nc5 Nb5+ 48. Kd3 Kc7 49. Ne6+ Kc8 50. Ng5 Nd6 51.
Kc3 Kd7 52. Nf3 Nb5+ 53. Kd3 Kc7 54. Ne5 Nd6 55. Kc3 b6 56. axb6+ axb6 57. Nf3 Kb7 58.
Ne5 Ne4+ 59. Kd3 Nf6 60. Kc3 Ne8 61. Kb3 Nd6 62. Kc3 Nb5+ 63. Kd3 Na7 64. Kc3 Ka6 65. Nd7 Nc8 66. Ne5 Kb5 67. Nd3 Nd6 68. Ne5 Ne4+ 69. Kd3 Nf2+ 70. Kc3 Nd1+ 71. Kd3 Nb2+ 72. Kc3 Nc4 73. Nd7 Nd6 74. Ne5 Nb7 75. Nd7 Nd8 76. Ne5 Ka4 77. Nd7 Kb5 78. Ne5 Ka6 79. Nd7 Kb7 80.
Ne5 Kc7 81. Kd3 Nb7 82. Kc3 Nd6 83. Kd3 Nb5 84. Nf3 Kd6 85. Ne5 Nxd4 86. Kxd4 c5+ 87.
bxc5+ bxc5+ 88. Kd3 Kxe5 0-1

[Event "*** SCC Grand Prix: Titled Tuesday Blitz"]
[Site "Chess.com"]
[Date "2020.07.14"]
[Round "1"]
[White "AttackSparrow"]
[Black "aliba25"]
[Result "0-1"]
[WhiteElo "2295"]
[BlackElo "2603"]
[TimeControl "180+1"]
[EndTime "10:09:28 PDT"]
[Termination "aliba25 won by checkmate"]

1. e4 e6 2. d4 d5 3. Bd3 dxe4 4. Bxe4 Nf6 5. Bf3 c5 6. Ne2 Nc6 7. Be3 cxd4 8. Nxd4 Ne5 9. Nc3 Bb4 10. Nb5 Bxc3+ 11. bxc3 Nxf3+ 12. Qxf3 O-O 13. O-O Bd7 14. Rfd1 Nd5 15. c4 Nxe3 16. Qxe3 a6 17. Nd6 Qc7 18. h3 Bc6 19. Rab1 Rad8 20. Qc5 Rd7 21. Nb5 axb5 22. Rxd7 Qxd7 23. cxb5 Be4 24. Re1 Bg6 25. a4 Rc8 26. Qb6 Rxc2 27. a5 h6 28. a6 bxa6 29. bxa6 Qd2 30. Ra1 Rc1+ 31. Rxc1 Qxc1+ 32. Kh2 Be4 33. Qd4 Bd5 34. a7 Qa3 35. Qb6 g5 36. f3 Kg7 37.
Qb8 Qa2 38. Qe5+ Kh7 39. Qd4 Kg8 40. Qb6 Bxf3 41. Qd8+ Kg7 42. Qd4+ Kf8 43. Qd8+ Kg7 44. Qd4+ Kh7 45. Qd3+ Kg8 46. Qd8+ Kh7 47. Qd3+ f5 48. Qxf3 Qxa7 49. Qc6 Qe7 50. g4 fxg4 51. hxg4 Qf6 52. Qe4+ Kg7 53. Qb7+ Qf7 54. Qb2+ Kg6 55. Qc2+ Kg7 56.
Qc3+ Qf6 57. Qc7+ Kg8 58. Qc8+ Kf7 59. Qc7+ Qe7 60. Qc3 Qd6+ 61. Kh3 Qf4 62. Qh8 Qf3+ 63. Kh2 Qf2+ 64. Kh3 Qh4+ 65. Kg2 Qxg4+ 66. Kf2 Qf5+ 67. Kg2 Qd5+ 68. Kh2 Qd2+ 69. Kg1 Qe1+ 70. Kg2 Qe2+ 71. Kg1 Qg4+ 72. Kh2 Qf4+ 73. Kg2 g4 74. Qh7+ Kf6 75. Qh8+ Kf5 76. Qh7+ Ke5 77. Qc7+ Ke4 78. Qc4+ Kf5 79. Qc8 Qf3+ 80. Kg1 Qe3+ 81. Kg2 Qe4+ 82. Kg1 g3 83. Qf8+ Kg4 84. Qg7+ Kf3 85. Qf6+ Qf4 86. Qxe6 Qe3+ 87.
Qxe3+ Kxe3 88. Kg2 Kf4 89. Kh3 Kf3 90. Kh4 g2 91.
Kh5 g1=Q 92. Kxh6 Qg8 93. Kh5 Kf4 94. Kh4 Qh7# 0-1

[Event "*** SCC Grand Prix: Titled Tuesday Blitz"]
[Site "Chess.com"]
[Date "2020.07.14"]
[Round "1"]
[White "Xeniya2005"]
[Black "ValentinDragnev"]
[Result "0-1"]
[WhiteElo "2374"]
[BlackElo "2712"]
[TimeControl "180+1"]
[EndTime "10:09:30 PDT"]
[Termination "ValentinDragnev won on time"]

1. e4 c5 2. Be2 g6 3. f4 Bg7 4.
Nf3 Nc6 5. d3 e6 6. O-O Nge7 7.
c3 O-O 8. Be3 b6 9. Nbd2 d5 10.
Qc2 Ba6 11. Rfe1 Rc8 12. Rad1 d4 13. Bf2 e5 14. fxe5 Nxe5 15. Nxe5 Bxe5 16. Nf3 Bg7 17.
cxd4 cxd4 18. Qa4 Bb7 19. Nxd4 a6 20. Nf3 Bxb2 21. Rb1 b5 22. Qb3 Bg7 23. a4 Bc6 24.
axb5 Bxb5 25. d4 Bxe2 26. Rxe2 Qd7 27. Qd3 a5 28. Ra2 Nc6 29. Rd2 Rfe8 30. d5 Nb4 31. Qe2 Bh6 32. Rdd1 Rc2 33. Qe1 Rc4 34. e5 Bf4 35. d6 Nc6 36. Rd5 a4 37. Rbd1 a3 38. g3 Bh6 39. Be3 Re4 40. R1d3 Bg7 41. Rxa3 Nxe5 42.
Nxe5 Bxe5 43. Qf2 Bxd6 44. Rad3 Qe7 45. Rxd6 Rxe3 46. Rxe3 Qxe3 47. Qxe3 Rxe3 48. Kg2 Re6 49. Rd4 g5 50. Rd5 h6 51. Rd4 Kg7 52. h4 Kf6 53.
Rd3 Kf5 54. Rd4 Re5 55. Kf3 Ra5 56. hxg5 hxg5 57. Rc4 Ra3+ 58. Kf2 Kg6 59. Kg2 Kh5 60. Kh2 Rb3 61. Kg2 f5 62. Rc5 Kg4 63. Rc4+ Kh5 64. Rc5 Rb2+ 65. Kf3 Rb3+ 66. Kf2 Rb2+ 67. Kf3 g4+ 68.
Kf4 Rf2+ 69. Ke5 Rf3 70. Kf6 Rxg3 71. Kxf5 Rf3+ 72. Ke4+ Kh4 73. Rc8 Rf1 74. Rg8 Kg3 75. Rh8 Re1+ 76. Kf5 Kf3 77. Rb8 Re3 78. Rb2 g3 79.
Kg5 g2 80. Rb1 Kf2 81. Kf4 Re1 82. Rb2+ Re2 83. Rb1 g1=Q 0-1

[Event "*** SCC Grand Prix: Titled Tuesday Blitz"]
[Site "Chess.com"]
[Date "2020.07.14"]
[Round "1"]
[White "Fighter008"]
[Black "Nayemhaque22"]
[Result "1-0"]
[WhiteElo "2529"]
[BlackElo "2200"]
[TimeControl "180+1"]
[EndTime "10:09:45 PDT"]
[Termination "Fighter008 won on time"]

1. e4 c5 2. Nf3 Nc6 3. Bb5 g6 4.
O-O Bg7 5. c3 a6 6. Ba4 b5 7. Bc2 e5 8. a4 Bb7 9. Na3 Nge7 10. d3 O-O 11. Be3 b4 12. Nc4 d6 13.
a5 Rb8 14. d4 cxd4 15. cxd4 exd4 16. Nxd4 d5 17. Nxc6 Bxc6 18. Bb6 Qd7 19. exd5 Qxd5 20. Qxd5 Nxd5 21. Bc5 Rfd8 22. Be4 Bb5 23. Rfc1 Nf4 24. Kh1 Bxc4 25. Rxc4 Bxb2 26. Rb1 Bc3 27. g3 Ne6 28.
Bb6 Rdc8 29. Bd3 Rxc4 30. Bxc4 Bd4 31. Bxe6 Bxb6 32. axb6 Rxb6 33. Bb3 a5 34. Kg2 Rc6 35. Ra1 Rc3 36. Bd5 Rc5 37. Bb3 Kg7 38. Rd1 Rc3 39.
Bd5 b3 40. Ra1 b2 41. Rb1 Rc2 42. Bb3 Rd2 43. Kf3 Rd3+ 44. Ke2 Rxb3 45. Kd2 a4 46. Kc2 Ra3 47. Rxb2 Rf3 48. Kd1 a3 49. Ra2 h5 50.
Ke2 Rb3 51. Kf1 g5 52. Kg2 Kg6 53. Rc2 g4 54. Rc5 a2 55. Ra5 Rb2 56. Kg1 f5 57. Kg2 Kf6 58. Ra8 Ke5 59. Ra4 Kd5 60. Ra5+ Kc4 61. h3 Kb3 62. hxg4 hxg4 63. Ra8 Kc2 64.
Rb8 Kb1 65. Re8 1-0

[Event "*** SCC Grand Prix: Titled Tuesday Blitz"]
[Site "Chess.com"]
[Date "2020.07.14"]
[Round "1"]
[White "barbara25"]
[Black "pedromartinez91"]
[Result "1/2-1/2"]
[WhiteElo "2214"]
[BlackElo "2528"]
[TimeControl "180+1"]
[EndTime "10:09:50 PDT"]
[Termination "Game drawn - insufficient material"]

1. e4 e6 2. d4 d5 3. Nc3 Nf6 4. Bg5 h6 5. Bxf6 Qxf6 6. exd5 Bb4 7. dxe6 Bxe6 8. Nf3 O-O 9. Bd3 c5 10. O-O Bxc3 11.
bxc3 Nc6 12. Re1 Rfd8 13. Rb1 cxd4 14. cxd4 Nxd4 15. Nxd4 Rxd4 16. Qe2 b6 17. a3 Rad8 18. Rb4 Qf4 19. Rxd4 Qxd4 20. h3 Rd5 21. Rd1 Qf4 22. Re1 Rd4 23. Qe3 Qxe3 24. Rxe3 Ra4 25. f3 Kf8 26. Be2 Ra5 27. Kf2 Rc5 28. Bd3 Ke7 29.
h4 Kd6 30. g3 Rc3 31. Be4 Rc5 32. Ke2 f5 33. Bd3 Rc3 34. a4 Ra3 35. Bb5 Rxe3+ 36. Kxe3 g5 37. hxg5 hxg5 38. Kd4 Bc8 39. f4 gxf4 40.
gxf4 Be6 41. c3 Bc8 42. Bd3 Bd7 43. Bb5 Bc8 44. Bd3 Be6 45. Bb5 a5 46. Be8 Bb3 47. Bb5 Bc2 48. Be8 Be4 49. Bb5 Bc2 50. Be8 Bb3 51.
Bb5 Bf7 52. Bd3 Be8 53. Bc2 Bd7 54. Bd1 Bc6 55. Bb3 Be4 56. Bd1 Kc6 57. c4 Kd6 58.
Bb3 Bc6 59. Bc2 Bd7 60. Bd1 Be6 61. Bc2 Bc8 62. Bb3 Bd7 63. Bc2 Be6 64. Bd1 Bc8 65. Bc2 Bd7 66. Bb3 Bc6 67. Bc2 Ke6 68. Bd1 Be4 69.
Bb3 Kd6 70. Bd1 Bb1 71. Bb3 Kc6 72. Bd1 Be4 73. Bb3 Kc7 74. c5 Kc6 75. cxb6 Kxb6 76.
Bd1 Kc6 77. Bb3 Kd6 78. Bd1 Bc6 79. Bb3 Bd7 80. Bc2 Be6 81. Bd1 Bd5 82. Bc2 Be6 83. Bd1 Bc8 84. Bc2 Bd7 85. Bd1 Kc6 86. Bc2 Kb6 87. Ke5 Kc5 88. Bxf5 Bxa4 89. Be6 Be8 90.
f5 a4 91. f6 a3 92. f7 Bxf7 93. Bxf7 a2 94. Bxa2 1/2-1/2

[Event "*** SCC Grand Prix: Titled Tuesday Blitz"]
[Site "Chess.com"]
[Date "2020.07.14"]
[Round "1"]
[White "AsselLesbekova"]
[Black "IMDT02"]
[Result "1-0"]
[WhiteElo "2323"]
[BlackElo "2604"]
[TimeControl "180+1"]
[EndTime "10:09:52 PDT"]
[Termination "AsselLesbekova won on time"]

1. e4 c5 2. Nf3 Nc6 3. Bb5 Nf6 4. d3 Qa5+ 5. Nc3 Nd4 6. Bc4 b5 7. Bb3 Nxb3 8. cxb3 d6 9. O-O Bb7 10. Bd2 Qb6 11.
a3 e6 12. h3 Be7 13. Be3 O-O 14. b4 Rfd8 15. bxc5 dxc5 16. Qc2 Rac8 17. Rfd1 a6 18. d4 cxd4 19. Bxd4 Qc6 20. Ne5 Qxe4 21. Qxe4 Nxe4 22. Nxe4 Bxe4 23. Bc3 f6 24. Ng4 e5 25. Ba5 Rxd1+ 26. Rxd1 Bf5 27. Ne3 Be6 28. Kh2 Bc5 29. Rd3 Bd4 30.
Nd1 Rc2 31. Kg3 Kf7 32. Bc3 Bc4 33. Rd2 Rxd2 34. Bxd2 Bb3 35. Nc3 Ke6 36. f4 f5 37.
Kf3 e4+ 38. Ke2 Bc4+ 39. Ke1 Bd3 40. Nd1 g6 41. Bc3 Bc5 42. Bb4 Bb6 43. Kd2 Bf1 44.
Ne3 Bxe3+ 45. Kxe3 Bxg2 46. h4 Kd5 47. Kd2 Kd4 48. Bc3+ Kc4 49. Ke3 Kb3 50. Kd2 Bf3 51. Ke3 Kc4 52. Kd2 Bg4 53. Ke3 Bd1 54. Kd2 Bb3 55.
Ke3 Kd5 56. Kd2 Bc4 57. Ke3 Kc5 58. Bd4+ Kc6 59. Bc3 Kb6 60. Bd4+ Kb7 61. Bc3 Be6 62. Ba5 Kc6 63. Kd4 Bc4 64. Bb4 Kb6 65. Bc5+ Ka5 66.
Bb4+ Ka4 67. Ke5 e3 68. Kf6 e2 69. Kg7 a5 70. Be1 b4 71. axb4 axb4 72. Kxh7 Bf7 73. Kg7 Be8 74. Kf8 Bc6 75. Kf7 Kb3 76. Kxg6 Kxb2 77.
Bxb4 Kb3 78. Ba5 Ka4 79. Be1 Bd7 80. h5 Be8+ 81. Kg5 Bf7 82. h6 Bg8 83. Kxf5 Bh7+ 84. Kf6 1-0

[Event "*** SCC Grand Prix: Titled Tuesday Blitz"]
[Site "Chess.com"]
[Date "2020.07.14"]
[Round "1"]
[White "MIlorenzana271"]
[Black "tdf98pantani"]
[Result "1/2-1/2"]
[WhiteElo "2368"]
[BlackElo "2685"]
[TimeControl "180+1"]
[EndTime "10:09:56 PDT"]
[Termination "Game drawn - insufficient material"]

1. e4 e5 2. Nf3 Nc6 3. Bc4 Bc5 4. c3 Nf6 5. d3 d6 6. a4 a6 7. a5 h6 8. Nbd2 O-O 9. Qb3 Qe8 10. O-O Nh5 11.
Re1 Kh7 12. Nf1 Ba7 13. Ng3 Nxg3 14. hxg3 g6 15. Be3 Bxe3 16. Rxe3 Kg7 17. d4 Qe7 18. Bd5 Bd7 19. Qc4 Rac8 20. b4 Nd8 21. Qb3 c6 22.
Bc4 Bg4 23. Rd1 Qf6 24. dxe5 dxe5 25. Red3 Ne6 26. Bxe6 Bxe6 27. Qc2 Bg4 28. Qe2 Rcd8 29. Qe3 Rxd3 30. Rxd3 Qe7 31. Nd2 Rd8 32. Rxd8 Qxd8 33. f3 Be6 34. Kf2 h5 35. Ke2 h4 36. gxh4 Qxh4 37. Qf2 Qf4 38. g3 Qh6 39. Nf1 Qc1 40. Qe1 Bc4+ 41. Kf2 Qh6 42. Ne3 Qh2+ 43. Ng2 Be6 44. Qg1 Qh6 45. Ne3 f5 46. Ke2 Qg5 47. Qh2 f4 48. gxf4 exf4 49. Ng2 Bc4+ 50. Kf2 Qf6 51. Qxf4 Qxc3 52. Qd6 Bf7 53. Ne3 Qf6 54. Qxf6+ Kxf6 55. f4 g5 56. fxg5+ Kxg5 57. Kf3 Bh5+ 58. Kg3 Kf6 59. Kf4 Ke6 60. Nc4 Be2 61. Nb6 Kd6 62. e5+ Ke6 63. Ke4 Bf1 64. Kd4 Bg2 65. Nc4 Kd7 66. Nd6 Kc7 67. Kc5 Bd5 68. Ne8+ Kd7 69. Nf6+ Ke6 70. Kd4 Bg2 71. Ne8 Kd7 72. Nd6 Kc7 73.
Nf5 Bh3 74. Ne3 Be6 75. Nc2 b6 76. axb6+ Kxb6 77. Na3 Bf7 78. Kc3 Be6 79. Kd4 Bg8 80. Nc2 a5 81. bxa5+ Kxa5 82. Kc5 Ka4 83. Nd4 Ka5 84.
Nxc6+ Ka6 85. Kd6 Kb6 86. Ne7 Bf7 87. Nf5 Kb7 88. Nd4 Kc8 89. Nc6 Be8 90. Ne7+ Kd8 91.
Nd5 Ba4 92. e6 Ke8 93. e7 Kf7 94. Nc7 Be8 95. Ne6 Ba4 96. Nc5 Bb5 97. Nd7 Ke8 98.
Ne5 Ba4 99. Nc4 Bd1 100. Nb6 Bh5 101. Nd5 Kf7 102. Nf6 Kxf6 103. e8=Q Bxe8 1/2-1/2

[Event "*** SCC Grand Prix: Titled Tuesday Blitz"]
[Site "Chess.com"]
[Date "2020.07.14"]
[Round "1"]
[White "ChelsieMonica"]
[Black "VerdeNotte"]
[Result "1-0"]
[WhiteElo "2419"]
[BlackElo "2782"]
[TimeControl "180+1"]
[EndTime "10:10:20 PDT"]
[Termination "ChelsieMonica won by checkmate"]

1. c4 g6 2. Nc3 Bg7 3. Nf3 c5 4. e3 Nf6 5. Be2 d5 6. O-O d4 7. exd4 cxd4 8. Nd5 Nxd5 9. cxd5 Qxd5 10. d3 O-O 11.
Bd2 Nc6 12. a3 a5 13. Rc1 a4 14. h3 h6 15. Ne1 Be6 16. Nc2 Qb3 17. Rb1 Rfc8 18.
f4 Bf5 19. Rf3 e5 20. g4 Be6 21. f5 Bd5 22. Rg3 e4 23. Bf4 e3 24. h4 Na5 25. Nb4 Qxd1+ 26. Bxd1 Ba2 27. Nxa2 Nb3 28. Bxb3 axb3 29. Nc1 Ra5 30. Nxb3 Rb5 31. Nc1 Bf6 32. fxg6 Bxh4 33. gxf7+ Kxf7 34. Rg2 Bf2+ 35. Kf1 Rc2 36. b4 Rd2 37. Bxh6 Rd1+ 38. Ke2 Re1+ 39. Kf3 Rb6 40.
Bf4 Rc6 41. Rb2 Rexc1 42. Rgxf2 exf2 43. Rxf2 R1c3 44. Ke4 Ke6 45. Be5 Rxa3 46. Bxd4 Ke7 47. Bc5+ Kd7 48. d4 Re6+ 49. Kd5 Rae3 50. Rf7+ Kc8 51.
g5 Rg6 52. Be7 Kc7 53. Bf6+ Kb6 54. Bd8+ Ka6 55. b5+ Kxb5 56. Rxb7+ Ka4 57. Kc5 Rc3+ 58. Kd5 Rc8 59. Be7 Ka5 60. Ra7+ Kb6 61. Rd7 Rcc6 62. Bf6 Rc1 63. Rd6+ Kb5 64. Rd8 Rd1 65. Rb8+ Ka4 66. Kc4 Rc1+ 67. Kd3 Rc6 68. d5 Rc1 69. Kd4 Rd1+ 70.
Kc5 Rf1 71. Kc6 Rc1+ 72. Kd7 Ka5 73. d6 Ka6 74. Kd8 Ka7 75. Rb2 Rg8+ 76. Kd7 Rb8 77. Ra2+ Kb7 78. Re2 Rb1 79. g6 Rg1 80. g7 Ka6 81. Re7 Rb7+ 82. Ke6 Rb8 83. Kf7 Kb5 84. d7 Kc6 85. Re8 Rb7 86. g8=Q Rxd7+ 87. Be7 Rxg8 88.
Rxg8 Rd1 89. Ke6 Re1+ 90. Kf7 Rf1+ 91. Bf6 Kd5 92. Rd8+ Kc4 93. Ke6 Re1+ 94. Be5 Rh1 95. Rc8+ Kb4 96. Kd5 Rh5 97. Rb8+ Ka5 98. Kd4 Ka6 99.
Rb2 Rg5 100. Bd6 Rh5 101. Kc4 Rh4+ 102. Kc5 Ka7 103. Kc6 Rc4+ 104. Bc5+ Ka8 105. Kb6 Rh4 106. Ra2+ Kb8 107. Kc6 Rc4 108. Kb5 Rc1 109. Kb6 Kc8 110. Kc6 Kb8 111. Rg2 Rg1 112. Rxg1 Ka8 113. Rg8# 1-0

[Event "*** SCC Grand Prix: Titled Tuesday Blitz"]
[Site "Chess.com"]
[Date "2020.07.14"]
[Round "1"]
[White "harlem4brew"]
[Black "DivyaDeshmukh23"]
[Result "0-1"]
[WhiteElo "2120"]
[BlackElo "2497"]
[TimeControl "180+1"]
[EndTime "10:10:22 PDT"]
[Termination "DivyaDeshmukh23 won by checkmate"]

1. e4 c5 2. Nf3 d6 3. d4 cxd4 4. Nxd4 Nf6 5. Nc3 Nc6 6. Bb5 Bd7 7. O-O e5 8. Nb3 Be7 9. Be3 O-O 10. a4 a6 11. Be2 Rc8 12. a5 Be6 13. Bb6 Qd7 14.
Nd2 d5 15. exd5 Nxd5 16. Nce4 f5 17. Nc5 Bxc5 18. Bxc5 Rfd8 19. Nc4 Qc7 20. Qe1 Nd4 21. Bxd4 exd4 22. Bd3 Bf7 23. Qe5 Qxe5 24. Nxe5 Be6 25. g3 Nb4 26. Rfc1 Rc5 27. f4 Rdc8 28. Ra4 Nxd3 29. Nxd3 Rd5 30. Rb4 Rd7 31. Ne5 Rd5 32. Nd3 Rc7 33. Rb6 Bf7 34. Nb4 Rxa5 35. Rd6 g6 36. Nd3 Ra4 37. Rd8+ Kg7 38. Kf2 Rac4 39. Ne1 b5 40. b3 Rc3 41. Rd1 Rxc2+ 42. Nxc2 Rxc2+ 43.
Kg1 Bxb3 44. R1xd4 Rc1+ 45. Kg2 Rc2+ 46. Kh3 a5 47.
R4d7+ Kf6 48. Rxh7 a4 49. Rf8+ Ke6 50. Rg7 Kd5 51.
Rd8+ Kc4 52. Rxg6 a3 53. Ra8 Ba4 54. Rc6+ Kb3 55. Re6 a2 56. Re3+ Kb2 57. Re1 Rc1 58.
Re2+ Rc2 59. Re1 a1=Q 60. Rxa1 Kxa1 61. Kh4 Rxh2+ 62. Kg5 Rg2 63. Kxf5 Rxg3 64. Kf6 Kb2 65. f5 Kc3 66. Ke7 b4 67. f6 Re3+ 68. Kd6 Bb3 69.
Rc8+ Kb2 70. Rb8 Kc3 71. Rc8+ Kd4 72. Rb8 Re6+ 73. Kd7 Rxf6 74. Rxb4+ Bc4 75. Ke7 Rf3 76. Rb6 Re3+ 77. Kf8 Re5 78. Rd6+ Bd5 79. Rf6 Ke4 80. Kg7 Be6 81. Rg6 Kd5 82. Rg2 Kd6 83. Rf2 Ke7 84.
Kh6 Bf5 85. Rf4 Kf6 86. Kh5 Re7 87. Kh4 Re3 88. Kh5 Re1 89. Kh4 Re3 90. Kh5 Ke5 91. Rh4 Rf3 92. Kg5 Rg3+ 93. Kh5 Rg8 94. Kh6 Kf6 95.
Rb4 Rh8# 0-1

[Event "*** SCC Grand Prix: Titled Tuesday Blitz"]
[Site "Chess.com"]
[Date "2020.07.14"]
[Round "2"]
[White "JakubPulpan"]
[Black "K-Nygren"]
[Result "0-1"]
[WhiteElo "2668"]
[BlackElo "2472"]
[TimeControl "180+1"]
[EndTime "10:12:21 PDT"]
[Termination "K-Nygren won by resignation"]

1. e4 c5 2. Nf3 d6 3. d4 cxd4 4. Nxd4 Nf6 5. f3 e5 6. Nb3 Be6 7. c4 Nc6 8. Nc3 Be7 9. Be3 O-O 10. Be2 Nh5 11. O-O Bg5 12. Qd2 Bxe3+ 13. Qxe3 Nf4 14. Rfd1 Qg5 15. Kf2 Qxg2+ 16. Ke1 Nb4 17. Rac1 Qxh2 18. a3 Ng2+ 0-1

[Event "*** SCC Grand Prix: Titled Tuesday Blitz"]
[Site "Chess.com"]
[Date "2020.07.14"]
[Round "2"]
[White "Orest_Vovk"]
[Black "LubovMarkelova"]
[Result "1-0"]
[WhiteElo "2424"]
[BlackElo "2190"]
[TimeControl "180+1"]
[EndTime "10:12:49 PDT"]
[Termination "Orest_Vovk won by resignation"]

1. h4 d5 2. h5 h6 3. e4 dxe4 4. Nc3 Nf6 5. Qe2 Bf5 6. Qb5+ Bd7 7. Qxb7 Bc6 8. Bb5 Bxb5 9. Nxb5 Na6 10. Qxa6 Rc8 11. Nxa7 1-0

[Event "*** SCC Grand Prix: Titled Tuesday Blitz"]
[Site "Chess.com"]
[Date "2020.07.14"]
[Round "2"]
[White "ValentinDragnev"]
[Black "Gahan-MG"]
[Result "1-0"]
[WhiteElo "2715"]
[BlackElo "2472"]
[TimeControl "180+1"]
[EndTime "10:13:05 PDT"]
[Termination "ValentinDragnev won by resignation"]

1. d4 Nf6 2. Nf3 g6 3. b3 Bg7 4.
Bb2 d5 5. e3 a5 6. a4 O-O 7. Nbd2 c6 8. Bd3 Bf5 9. Bxf5 gxf5 10. O-O e6 11. h3 Kh8 12. Ne5 Nbd7 13. f4 Ne4 14. Nxe4 fxe4 15. Qh5 Qe7 16. Ba3 c5 17.
Nxd7 Qxd7 18. Bxc5 Rfc8 19. f5 Kg8 20. f6 Bf8 21.
Qg5+ 1-0

[Event "*** SCC Grand Prix: Titled Tuesday Blitz"]
[Site "Chess.com"]
[Date "2020.07.14"]
[Round "2"]
[White "keepitcool9499"]
[Black "Oleksandr_Bortnyk"]
[Result "0-1"]
[WhiteElo "2555"]
[BlackElo "2935"]
[TimeControl "180+1"]
[EndTime "10:13:12 PDT"]
[Termination "Oleksandr_Bortnyk won by resignation"]

1. d4 d6 2. c4 e5 3. Nc3 exd4 4. Qxd4 Nc6 5. Qd1 g6 6. Nf3 Bg7 7. e3 Nf6 8. Be2 O-O 9. O-O Re8 10. Bd2 Ne4 11.
Nxe4 Rxe4 12. Qc2 Re8 13. Bc3 Bf5 14. Bd3 Bxc3 15. Qxc3 Bxd3 16. Qxd3 Qf6 17. b3 Re7 18. Rfe1 Rae8 19. Rad1 a5 20. Rd2 h5 21. Rde2 a4 22.
Kf1 axb3 23. axb3 Ra8 24. g3 Qxf3 0-1

[Event "*** SCC Grand Prix: Titled Tuesday Blitz"]
[Site "Chess.com"]
[Date "2020.07.14"]
[Round "2"]
[White "BlackBoarder"]
[Black "Saylormoon"]
[Result "1-0"]
[WhiteElo "2596"]
[BlackElo "2293"]
[TimeControl "180+1"]
[EndTime "10:13:14 PDT"]
[Termination "BlackBoarder won by resignation"]

1. e4 c5 2. Nf3 Nc6 3. Bb5 g6 4.
Bxc6 dxc6 5. d3 Bg7 6. h3 Nf6 7. Nc3 b6 8. O-O Nd7 9. Nh2 e5 10. f4 exf4 11. Bxf4 O-O 12. Qd2 Ne5 13. Bh6 Qd4+ 14.
Kh1 c4 15. Bxg7 Kxg7 16. Qf4 cxd3 17. Qf6+ Kg8 18. cxd3 c5 19. Nd5 1-0

[Event "*** SCC Grand Prix: Titled Tuesday Blitz"]
[Site "Chess.com"]
[Date "2020.07.14"]
[Round "2"]
[White "Steven_Rojas"]
[Black "Michaelson_11"]
[Result "1-0"]
[WhiteElo "2400"]
[BlackElo "2112"]
[TimeControl "180+1"]
[EndTime "10:13:15 PDT"]
[Termination "Steven_Rojas won by resignation"]

1. c4 e5 2. Nc3 Nf6 3. Nf3 Nc6 4. e3 Bb4 5. Qc2 Bxc3 6. Qxc3 e4 7. Ne5 d5 8. Nxc6 bxc6 9. b3 O-O 10. Bb2 Bf5 11. Be2 Re8 12. g4 d4 13. Qxd4 Qxd4 14. Bxd4 Bxg4 15. Bxf6 Bxe2 16. Rg1 Bh5 17. Rxg7+ Kf8 18.
Rxh7 1-0

[Event "*** SCC Grand Prix: Titled Tuesday Blitz"]
[Site "Chess.com"]
[Date "2020.07.14"]
[Round "2"]
[White "tapu2"]
[Black "Susal_De_Silva"]
[Result "1-0"]
[WhiteElo "2536"]
[BlackElo "2289"]
[TimeControl "180+1"]
[EndTime "10:13:28 PDT"]
[Termination "tapu2 won by resignation"]

1. d4 Nf6 2. c4 e6 3. Nf3 b6 4. a3 Bb7 5. Nc3 Ne4 6. Nxe4 Bxe4 7. e3 Be7 8. Bd3 Bxd3 9. Qxd3 f5 10. O-O O-O 11.
d5 Bf6 12. Rb1 g6 13. e4 fxe4 14. Qxe4 exd5 15. Qxd5+ Kg7 16. Qxa8 c6 17. Qxa7 Be7 18. Be3 Rxf3 19. gxf3 Bd6 20. Rbd1 1-0

[Event "*** SCC Grand Prix: Titled Tuesday Blitz"]
[Site "Chess.com"]
[Date "2020.07.14"]
[Round "2"]
[White "KobyKalavannan"]
[Black "talman67"]
[Result "1-0"]
[WhiteElo "2747"]
[BlackElo "2485"]
[TimeControl "180+1"]
[EndTime "10:13:32 PDT"]
[Termination "KobyKalavannan won by resignation"]

1. d4 Nf6 2. c4 e6 3. Nf3 d5 4.
g3 Bb4+ 5. Bd2 Be7 6. Qc2 O-O 7.
Bg2 c6 8. O-O b6 9. a4 Ba6 10.
cxd5 cxd5 11. Nc3 Nbd7 12. Rfc1 Rc8 13. Qb3 Bc4 14. Qd1 a6 15. b3 b5 16. bxc4 bxc4 17.
Rab1 Rb8 18. Rxb8 Qxb8 19. Rb1 Qc7 20. Bf4 Qa5 21. Qc2 h6 22. Rb7 Bb4 23. Bc7 Bxc3 24. Bxa5 Bxa5 25. Ne5 Nxe5 26. dxe5 Ng4 27. e4 d4 28.
Qxc4 Rd8 29. Qxa6 d3 30. Qxa5 1-0